 Dungeon Crawl Stone Soup version 0.24-a0-93-ge1bfdf8 (console) character file.

Game seed: 10299043533220460988

63 Voker57 the Slasher (level 3, 0/28 HPs)
             Began as a Demonspawn Gladiator on Feb 11, 2019.
             Slain by an adder (2 damage)
             ... on level 2 of the Dungeon.
             The game lasted 00:02:31 (1430 turns).

Voker57 the Slasher (Demonspawn Gladiator)          Turns: 1430, Time: 00:02:32

Health: 0/28       AC:  4    Str: 14    XL:     3   Next: 89%
Magic:  3/3        EV: 13    Int: 11    God:
Gold:   62         SH:  0    Dex: 15    Spells: 2/2 levels left

rFire    . . .     SeeInvis .   a - +0 long sword
rCold    . . .     Gourm    .   (no shield)
rNeg     . . .     Faith    .   b - +0 leather armour
rPois    .         Spirit   .   c - +0 helmet
rElec    .         Reflect  .   (no cloak)
rCorr    .         Harm     .   (no gloves)
MR       .....                  (no boots)
Stlth    +.........             (no amulet)
HPRegen  0.09/turn              (no ring)
MPRegen  0.08/turn              (no ring)

@: lethally poisoned (0 -> -14), hasted, very quick
A: clever 1, deterioration 1, wild magic 1, rot immunity
a: no special abilities


You were on level 2 of the Dungeon.
You were not hungry.

You visited 1 branch of the dungeon, and saw 2 of its levels.

You collected 62 gold pieces.

Inventory:

Hand Weapons
 a - a +0 long sword (weapon)
Missiles
 d - 3 throwing nets (quivered)
Armour
 b - a +0 leather armour (worn)
 c - a +0 helmet (worn)
Jewellery
 m - a cursed ring of attention
Scrolls
 g - a scroll of teleportation {unknown}
 i - a scroll of enchant weapon {unknown}
 j - 3 scrolls of remove curse {unknown}
 n - 2 scrolls of fog {unknown}
Potions
 e - a potion of lignification {unknown}
 h - a potion of curing {unknown}
 k - 2 potions of mutation
Comestibles
 f - 3 rations
 o - a chunk of flesh


   Skills:
 + Level 2.6 Fighting
 * Level 3.6 Long Blades
 - Level 1.7 Throwing
 + Level 3.2 Dodging


You had 2 spell levels left.
You didn't know any spells.
Your spell library was empty.

Dungeon Overview and Level Annotations

Branches:
Dungeon (2/15)

Altars:

Annotations:
D:2 Robin, Sigmund


Innate Abilities, Weirdness & Mutations

You are immune to rotting.
Your mind is acute. (Int +2)
Your body sometimes deteriorates upon taking damage.
Your spells are a little harder to cast, but a little more powerful.


Message History

* * * LOW HITPOINT WARNING * * *
You feel sick. The adder closely misses you.
You riposte.
You barely miss the adder.
The adder is almost dead.
You barely miss the adder.
The adder is almost dead.
* * * LOW HITPOINT WARNING * * *
You feel sick. The adder bites you but does no damage. The adder bites you.
* * * LOW HITPOINT WARNING * * *
You are more poisoned.
The adder poisons you!
Unknown command.
It was a potion of mutation.
You feel extremely strange.
You feel clever.
You feel yourself wasting away.
You feel less in control of your magic.
* * * LOW HITPOINT WARNING * * *
You feel sick. The adder bites you.
* * * LOW HITPOINT WARNING * * *
It was a potion of haste.
You feel yourself speed up.
* * * LOW HITPOINT WARNING * * *
You feel sick. The adder bites you.
You die...

#.........##
#.........#
####.....## ..
......##.#####
.............#
.............#.
...............
.............#
##.....S.....#
.......@.....#
###.?........#
############


You could see an adder.

Vanquished Creatures
  2 oozes
  A worm (D:2)
  A dart slug (D:1)
  2 leopard geckos
  A giant cockroach (D:1)
  7 goblins
  4 hobgoblins
  4 jackals (D:2)
  10 kobolds
  6 bats
  A frilled lizard (D:1)
  6 rats
45 creatures vanquished.

Notes
Turn   | Place    | Note
-------+----------+-------------------------------------------
     0 | D:1      | Voker57 the Demonspawn Gladiator began the quest for the
                  | Orb.
     0 | D:1      | Reached XP level 1. HP: 16/16 MP: 1/1
    45 | D:1      | Gained mutation: You are immune to rotting. [demonic
                  | ancestry]
    45 | D:1      | Reached XP level 2. HP: 21/22 MP: 2/2
   550 | D:1      | Reached XP level 3. HP: 28/28 MP: 3/3
   921 | D:2      | Noticed Robin
  1356 | D:2      | Noticed Sigmund
  1429 | D:2      | Gained mutation: Your mind is acute. (Int +2) [potion of
                  | mutation]
  1429 | D:2      | Gained mutation: Your body sometimes deteriorates upon
                  | taking damage. [potion of mutation]
  1429 | D:2      | Gained mutation: Your spells are a little harder to cast,
                  | but a little more powerful. [potion of mutation]
  1430 | D:2      | Slain by an adder

Levels and vault maps discovered:
D:1:      dpeg_arrival_tiny_i, layout_rooms
D:2:      layout_rooms, lemuel_coloured_pillars_altar,
          gammafunk_temple_overflow_claw, nicolae_ru_the_path_less_chosen,
          uniq_sigmund, uniq_robin

Skill      XL: |  1  2 |
---------------+-------+-----
Long Blades    | 3 |  3.6
Dodging        | 3 |  3.2
Fighting       | |  2.6
Throwing       | |  1.7

Action                   || total
-------------------------++-------
Melee: Long sword        ||   136
Throw: Throwing net      ||     1
  Use: Potion            ||     2
       Scroll            ||     1
 Stab: Held in net/web   ||     2
  Eat: Chunk             ||     2
Armor: Leather armour    ||    55
Dodge: Dodged            ||   137
       Rpst.: Long sword ||    38

Table legend:
 A = Non-vault XP
 B = Vault XP
 C = Vault XP percentage of total XP
 D = Non-vault monster count
 E = Vault monster count
 F = Vault count percentage of total count
                 A         B        C        D         E       F
            +---------+---------+-------+---------+---------+-------
      Total |      79 |      12 |  13.2 |      39 |       6 |  13.3
            +---------+---------+-------+---------+---------+-------
        D:1 |      42 |       2 |   4.5 |      21 |       1 |   4.5
        D:2 |      37 |      10 |  21.3 |      18 |       5 |  21.7
            +---------+---------+-------+---------+---------+-------
